 Dungeon Crawl Stone Soup version 0.27.0-1-g7a089689b8 (webtiles) character file.

Game seed: 16540560792309204676

20122 sasquatch the Bludgeoner (level 12, -5/106 HPs)
             Began as a Minotaur Fighter on Aug 7, 2021.
             Was a High Priest of Qazlal.
             Slain by a reaper (43 damage)
             ... in an ice cave.
             The game lasted 00:24:46 (12656 turns).

sasquatch the Bludgeoner (Minotaur Fighter)        Turns: 12656, Time: 00:24:46

Health: -5/106     AC: 13    Str: 25    XL:     12   Next: 42%
Magic:  11/11      EV: 10    Int:  5    God:    Qazlal [*****.]
Gold:   977        SH: 26    Dex: 11    Spells: 11/11 levels left

rFire    + . .     SeeInvis .   x - +2 whip (elec)
rCold    + + +     Faith    .   c - +0 kite shield
rNeg     . . .     Spirit   .   b - +0 scale mail
rPois    .         Reflect  +   (helmet restricted)
rElec    +         Harm     .   t - scarf {rC+ rF+}
rCorr    .         Rampage  .   l - +2 pair of gloves
Will     +....                  J - +0 pair of boots
Stlth    ..........             j - amulet of reflection
HPRegen  0.27/turn              p - +4 ring of slaying
MPRegen  0.12/turn              m - ring of Larin {rElec rC+ Will+}

@: mighty, protected from cold, repel missiles
A: horns 2, retaliatory headbutt
a: Renounce Religion, Upheaval, Elemental Force, Disaster Area


You were in an ice cave.
You worshipped Qazlal.
Qazlal was extremely pleased with you.
You visited 2 branches of the dungeon, and saw 12 of its levels.
You also visited: Sewer, Ossuary and Ice Cave.

You collected 1047 gold pieces.
You spent 70 gold pieces at shops.

Inventory:

Hand Weapons
 k - the +6 long sword "Paadexeo" {flame, rF+ Will+}
   (You found it on level 10 of the Dungeon)

   It burns those it strikes, dealing additional fire damage.
   Big, fiery blades are also staple armaments of hydra-hunters.
   rF:        It protects you from fire.
   Will:      It increases your willpower.
 x - a +2 whip of electrocution (weapon)
Missiles
 g - 33 poisoned darts (quivered)
 E - 8 silver javelins
 I - a throwing net
Armour
 b - a +0 scale mail (worn)
 c - a +0 kite shield (worn)
 l - a +2 pair of gloves (worn)
 o - a +0 plate armour
 t - a scarf of resistance (worn)
 J - a +0 pair of boots (worn)
Jewellery
 h - a ring of protection from fire
 j - an amulet of reflection (around neck)
 m - the ring of Larin (right hand) {rElec rC+ Will+}
   (You found it on level 5 of the Dungeon)

   [ring of protection from cold]

   rC:        It protects you from cold.
   rElec:     It insulates you from electricity.
   Will:      It increases your willpower.
 p - a +4 ring of slaying (left hand)
 q - a ring of see invisible
 r - a ring of positive energy
 L - a ring of ice
Wands
 a - a wand of acid (3)
 s - a wand of iceblast (19)
 y - a wand of flame (51)
 z - a wand of charming (8)
 B - a wand of mindburst (10)
 K - a wand of polymorph (18)
 O - a wand of paralysis (8)
Scrolls
 d - a scroll of torment {unknown}
 f - 3 scrolls of blinking
 w - 2 scrolls of immolation
 A - 2 scrolls of magic mapping
 D - a scroll of teleportation
 H - 2 scrolls of vulnerability {unknown}
 M - 2 scrolls of enchant armour {unknown}
 P - a scroll of summoning {unknown}
Potions
 e - 7 potions of heal wounds
 i - 4 potions of flight
 n - 8 potions of curing
 u - a potion of mutation
 v - a potion of attraction
 F - 3 potions of haste
 G - a potion of magic
 N - a potion of invisibility
 Q - 2 potions of brilliance


   Skills:
 + Level 9.8 Fighting
 - Level 16.4 Maces & Flails
 + Level 9.8 Armour
 - Level 15.0 Shields


You had 11 spell levels left.
You didn't know any spells.
Your spell library contained the following spells:

 Spells                   Type           Power      Damage    Failure   Level
 Animate Skeleton         Necr           0%         N/A       73%         1
 Beastly Appendage        Tmut           0%         N/A       73%         1
 Pain                     Necr           0%         1d4       73%         1
 Ensorcelled Hibernation  Hex/Ice        0%         N/A       86%         2
 Static Discharge         Conj/Air       0%         N/A       86%         2
 Wereblood                Tmut           0%         N/A       86%         2
 Dazzling Flash           Conj/Hex       0%         N/A       97%         3
 Spider Form              Tmut/Pois      0%         N/A       97%         3
 Stone Arrow              Conj/Erth      0%         3d7       97%         3
 Vampiric Draining        Necr           0%         2d6       97%         3
 Iskenderun's Mystic Bla  Conj/Tloc      0%         2d3       100%        4
 Bolt of Magma            Conj/Fire/Erth 0%         4d4       100%        5
 Lightning Bolt           Conj/Air       0%         1d11      100%        5
 Shadow Creatures         Summ           N/A        N/A       100%        6
 Starburst                Conj/Fire      0%         8x6d3     100%        6
 Maxwell's Capacitive Co  Air            0%         ∞         100%        8
 Shatter                  Erth           0%         3d5*      100%        9


Dungeon Overview and Level Annotations

Branches:
Dungeon (11/15)            Temple (0/1) D:5            Lair (1/6) D:11
    Orc (0/2) D:9           Sewer (visited)         Ossuary (visited)
  IceCv (1/1)

Altars:
Dithmenos
Gozag
Makhleb
Okawaru
Qazlal
Wu Jian
Xom

Shops:
D:2 !   D:11 !


Innate Abilities, Weirdness & Mutations

You have a pair of horns on your head.
You reflexively headbutt those who attack you in melee.


Message History

You block the reaper's attack.
Press: ? - help, . - travel You can't see that place.
Your protection from physical attacks is fading.
Okay, then.
Okay, then.
You fail to use your ability.
The reaper hits you from afar with a +0 scythe of freezing!!
* * * LOW HITPOINT WARNING * * *
Your resistance to physical damage fades away.
You feel protected from cold. The reaper freezes you.
* * * LOW HITPOINT WARNING * * *
You feel much better. You block the reaper's attack.
You feel very mighty all of a sudden. You block the reaper's attack.
You block the cane toad simulacrum's attack.
You block the reaper's attack.
You barely miss the reaper.
The reaper is lightly wounded.
You block the cane toad simulacrum's attack.
You hit the reaper but do no damage. Your headbutt misses the reaper.
The reaper is lightly wounded.
The reaper hits you with a +0 scythe of freezing!
The reaper freezes you.
You hit the reaper.
The reaper is moderately wounded.
You block the cane toad simulacrum's attack.
You hit the reaper. Lightning courses through the reaper!
Your headbutt misses the reaper.
The reaper is heavily wounded.
You block the reaper's attack.
Your scale mail prevents you from hitting the reaper.
Your headbutt misses the reaper.
The reaper is heavily wounded.
You block the cane toad simulacrum's attack.
You whack the reaper!
The reaper is severely wounded.
The reaper hits you with a +0 scythe of freezing!!!
You die...

..# ##.#...#
#.####....#≈#
#.#.#.#.##≈#####
##.#...#####≈#≈≈#
##....## #≈≈###
##..### ##≈≈#####
...## #≈≈##.§.#
..## #≈≈≈#.§°#
.## #≈#≈#@..# ##
##≈.Z2### #
#.#.Z# #..#Z##
#.##..# #.###.#
##.#.## #....#
##.#2#


You could see a reaper, a cane toad simulacrum, a spriggan simulacrum and a
two-headed ogre simulacrum.

Vanquished Creatures
  A hydra (D:11)
  A boulder beetle (D:11)
  2 two-headed ogres
  The ghost of sasquatch the Brawler, a novice TrMo of Uskayaw (D:9)
  Pikel (D:6)
  An ugly thing (IceCv)
  A spectral centaur (D:9)
  An ice statue (IceCv)
  Joseph (D:8)
  A centaur zombie (D:8)
  A gargoyle (D:11)
  Maggie (D:8)
  2 unseen horrors (D:11)
  2 cane toads (Lair:1)
  A tengu conjurer (D:11)
  An entropy weaver simulacrum (IceCv)
  A rime drake (Lair:1)
  A komodo dragon (D:11)
  A troll (D:9)
  Prince Ribbit (D:5)
  Grinder (D:6)
  A hornet (D:9)
  3 shadows
  3 vampires
  A wraith (D:10)
  Eustachio (D:4)
  3 yaks (D:9)
  Grum (D:9)
  2 steam dragons (D:9)
  5 death yak simulacra
  Menkaure (D:4)
  Duvessa (D:6)
  3 acid dragons
  4 water moccasins
  3 ice beasts
  4 black bears
  3 orc warriors
  8 wolves
  2 ogres (D:6)
  A lemure (D:6)
  3 phantoms
  6 kobold brigands
  5 bullfrogs
  A wyvern zombie (D:6)
  2 gnoll sergeants
  3 scorpions
  5 two-headed ogre simulacra (IceCv)
  2 cane toad simulacra
  Dowan (D:6)
  A troll zombie (D:9)
  4 wights (D:10)
  9 killer bees (D:9)
  An elephant simulacrum (IceCv)
  12 howler monkeys
  A bullfrog zombie (D:5)
  5 hounds
  An orc priest (D:9)
  A jelly (D:7)
  An iguana (D:5)
  A centaur skeleton (D:6)
  3 orc wizards
  A polar bear simulacrum (IceCv)
  6 spriggan simulacra (IceCv)
  A troll simulacrum (IceCv)
  A killer bee zombie (D:7)
  5 ogre zombies (D:9)
  A mummy (Ossuary)
  9 adders
  2 howler monkey skeletons
  5 naga simulacra (IceCv)
  14 gnolls
  4 river rats
  A shadow imp (D:8)
  8 white imps (IceCv)
  6 ufetubi
  A worm (D:3)
  4 dart slugs
  15 orcs
  2 spectral bats (Ossuary)
  11 bats
  An endoplasm (D:1)
  4 giant cockroaches
  12 gnoll zombies (Ossuary)
  5 goblins
  5 hobgoblins
  4 jackals
  6 quokkas
  7 ball pythons
  4 bat simulacra (Ossuary)
  A frilled lizard (D:3)
  6 goblin simulacra (Ossuary)
  2 goblin skeletons (D:9)
  8 goblin zombies
  4 hobgoblin zombies
  24 kobolds
  2 kobold simulacra (Ossuary)
  9 kobold zombies (Ossuary)
  An orc skeleton (D:9)
  13 orc zombies
  9 rats
  2 rat simulacra (Ossuary)
  2 spectral goblins (Ossuary)
  3 spectral kobolds (Ossuary)
  3 spectral rats (Ossuary)
376 creatures vanquished.

Vanquished Creatures (others)
  14 fungi (D:11)
  19 plants
33 creatures vanquished.

Grand Total: 409 creatures vanquished

Notes
Turn   | Place    | Note
-------+----------+-------------------------------------------
     0 | D:1      | sasquatch the Minotaur Fighter began the quest for the Orb.
     0 | D:1      | Reached XP level 1. HP: 19/19 MP: 0/0
   205 | D:1      | Reached skill level 3 in Maces & Flails
   223 | D:1      | Reached XP level 2. HP: 26/26 MP: 1/1
   288 | D:1      | Found a faded altar of an unknown god.
   303 | D:1      | Reached skill level 4 in Maces & Flails
   643 | D:1      | Reached XP level 3. HP: 31/31 MP: 2/2
   686 | D:2      | Found Fiofyod's Distillery.
   690 | D:2      | Bought a potion of heal wounds for 70 gold pieces
  1039 | D:2      | Reached skill level 5 in Maces & Flails
  1245 | D:2      | Reached XP level 4. HP: 33/38 MP: 3/3
  2171 | D:3      | Reached skill level 6 in Maces & Flails
  2218 | D:3      | Reached XP level 5. HP: 39/45 MP: 4/4
  2221 | D:3      | Found a glowing drain.
  2225 | Sewer    | Entered a sewer
  2382 | Sewer    | Reached skill level 7 in Maces & Flails
  2597 | Sewer    | Found a white marble altar of Elyvilon.
  3289 | D:4      | Found a stormy altar of Qazlal.
  3296 | D:4      | Became a worshipper of Qazlal Stormbringer
  3324 | D:4      | Noticed Eustachio
  3338 | D:4      | Reached XP level 6. HP: 46/51 MP: 5/5
  3400 | D:4      | Killed Eustachio
  3401 | D:4      | Reached skill level 8 in Maces & Flails
  3613 | D:4      | Reached skill level 9 in Maces & Flails
  3942 | D:4      | Noticed Menkaure
  3960 | D:4      | Killed Menkaure
  3961 | D:4      | Reached XP level 7. HP: 27/57 MP: 6/6
  3963 | D:4      | Reached skill level 16 in Maces & Flails
  3963 | D:4      | Reached XP level 8. HP: 31/64 MP: 7/7
  3964 | D:4      | Reached XP level 9. HP: 40/82 MP: 8/8
  4206 | D:5      | Entered Level 5 of the Dungeon
  4303 | D:5      | Found an iron altar of Okawaru.
  4303 | D:5      | Found a shadowy altar of Dithmenos.
  4461 | D:5      | Found a sand-covered staircase.
  4473 | D:5      | Identified the ring of Larin {rElec rC+ Will+}
  4485 | Ossuary  | Entered an ossuary
  4499 | Ossuary  | Reached * piety under Qazlal
  4655 | Ossuary  | Reached ** piety under Qazlal
  4833 | D:5      | Noticed Prince Ribbit
  4845 | D:5      | Killed Prince Ribbit
  4979 | D:5      | Found a staircase to the Ecumenical Temple.
  5395 | D:6      | Noticed Pikel
  5409 | D:6      | Killed Pikel
  5410 | D:6      | Reached skill level 5 in Shields
  5578 | D:6      | Noticed Grinder
  5598 | D:6      | Killed Grinder
  5648 | D:6      | Noticed a two-headed ogre
  5684 | D:6      | Killed a two-headed ogre
  5685 | D:6      | Reached XP level 10. HP: 23/90 MP: 9/9
  6080 | D:6      | Noticed Duvessa
  6081 | D:6      | Noticed Dowan
  6087 | D:6      | Killed Duvessa
  6093 | D:6      | Killed Dowan
  6346 | D:6      | Reached *** piety under Qazlal
  7972 | D:8      | Found a burning altar of Makhleb.
  7993 | D:8      | Noticed Maggie
  7997 | D:8      | Killed Maggie
  8051 | D:8      | Found an opulent altar of Gozag.
  8227 | D:8      | Reached skill level 10 in Shields
  8434 | D:8      | Noticed Joseph
  8443 | D:8      | Killed Joseph
  8622 | D:9      | Found a transporter.
  8622 | D:9      | Noticed sasquatch's ghost (novice TrMo)
  8623 | D:9      | Noticed a spectral centaur warrior
  8633 | D:9      | Found a transporter.
  8648 | D:9      | Reached XP level 11. HP: 82/95 MP: 10/10
  8673 | D:9      | Reached **** piety under Qazlal
  8887 | D:9      | Found a staircase to the Orcish Mines.
  8946 | D:9      | Noticed Grum
  8960 | D:9      | Killed Grum
  9182 | D:9      | Found an ornate altar of the Wu Jian Council.
  9783 | D:10     | Entered Level 10 of the Dungeon
  9789 | D:10     | Identified the +9 long sword "Puisot" {vorpal, rPois}
  9941 | D:10     | Found a shimmering altar of Xom.
  9943 | D:10     | Identified the +6 long sword "Paadexeo" {flame, rF+ Will+}
 10085 | D:10     | Noticed a two-headed ogre
 10095 | D:10     | Killed a two-headed ogre
 10578 | D:9      | Killed sasquatch's ghost
 10941 | D:11     | Reached ***** piety under Qazlal
 11153 | D:11     | Noticed a six-headed hydra
 11162 | D:11     | Killed a six-headed hydra
 11180 | D:11     | Found a staircase to the Lair.
 11190 | D:11     | Reached XP level 12. HP: 59/103 MP: 11/11
 11539 | D:11     | Found Hotz's Distillery.
 11580 | D:11     | Noticed a boulder beetle
 11591 | D:11     | Killed a boulder beetle
 11592 | D:11     | Reached skill level 15 in Shields
 11965 | Lair:1   | Entered Level 1 of the Lair of Beasts
 12197 | Lair:1   | Found a frozen archway.
 12219 | IceCv    | Entered an ice cave
 12623 | IceCv    | Noticed a reaper
 12656 | IceCv    | Slain by a reaper

Illustrated notes

Levels and vault maps discovered:
D:1:      minmay_arrival_cross, layout_loops_ring,
          hellmonk_ecumenical_altar_arch_garden
D:2:      layout_loops_cross, serial_shops, shop, hex_large
D:3:      layout_loops_corners, gup_sewer_entry_spiral
D:4:      layout_rooms, grunt_qazlal_sundering, uniq_eustachio, uniq_menkaure
D:5:      layout_basic, jmf_multi_god_temple, minmay_temple_entry_glass,
          nicolae_ossuary_entry_monument, minivault_26, uniq_prince_ribbit1
D:6:      minmay_angry_zag, layout_basic, kennysheep_generic_room_12,
          uniq_duvessa, uniq_grinder, uniq_pikel
D:7:      layout_loops_cross
D:8:      layout_basic, mainiacjoe_overflow_two_lobes, uniq_maggie, uniq_joseph
D:9:      layout_gridville, nzn_wu_jian_contemplation, zombieorc1_lemuel,
          gammafunk_ghost_mausoleum, uniq_grum
D:10:     layout_irregular_city, xom_teletrap_fun, minivault_19
D:11:     layout_cave_pools, due_lair_maze_entry_diamond, serial_shops, shop
Lair:1:   wad_woods_structure_01, layout_cave_pods,
          portal_ice_cave_entry_ice_simulacra, minivault_27, uniq_harold
IceCv:    ice_cave_caverns_03

Skill      XL: |  1  2  3  4  5  6  7  8  9 10 11 12 |
---------------+-------------------------------------+-----
Maces & Flails | 3 4 5 6 7 9 16 | 16.4
Fighting       | 8 9 |  9.8
Armour         | 8 9 |  9.8
Shields        | 7 10 14 15 | 15.0

Action                   |  1- 3 |  4- 6 |  7- 9 | 10-12 || total
-------------------------+-------+-------+-------+-------++-------
Melee: Flail             |    73 |   131 |   123 |       ||   327
       Headbutt          |     9 |    21 |    19 |   137 ||   186
       Whip              |       |       |    17 |   601 ||   618
Throw: Dart              |       |       |     1 |       ||     1
  Use: Potion            |       |     3 |     2 |     3 ||     8
       Scroll            |       |     3 |     2 |     7 ||    12
Armor: Scale mail        |    38 |    82 |    26 |   113 ||   259
Dodge: Dodged            |    36 |    91 |    37 |    39 ||   203
       Repelled          |       |       |       |     1 ||     1
Block: Other             |       |       |    25 |     4 ||    29
       Kite shield       |       |       |       |   430 ||   430
       Reflection        |       |       |       |     7 ||     7
